 Dungeon Crawl Stone Soup version 0.17-a0-1763-g847a857 (webtiles) character file.

199 luca467 the Skirmisher (level 5, -3/39 HPs)
             Began as an Octopode Fighter on Sept 5, 2015.
             Slain by a gnoll
             ... wielding a cursed -1 flail
              (6 damage)
             ... on level 2 of the Dungeon.
             The game lasted 00:09:00 (1658 turns).

luca467 the Skirmisher (Octopode Fighter)           Turns: 1658, Time: 00:09:00

Health: -3/39      AC:  1    Str: 15    XL:     5   Next: 77%
Magic:  5/5        EV: 10    Int: 11    God:
Gold:   65         SH:  9    Dex: 12    Spells: 0 memorised, 4 levels left

rFire  . . .     SeeInvis .     a - +1 long sword
rCold  . . .     Clarity  .     b - +1 shield
rNeg   . . .     SustAt   .     (helmet restricted)
rPois  .         Gourm    .     (no amulet)
rElec  .         Spirit   .     (no ring)
rCorr  .         Warding  .     (no ring)
rMut   .         Stasis   .     (no ring)
MR     .....                    (no ring)
Stlth  ++........               (no ring)
                                (no ring)
                                (no ring)
                                (no ring)

@: not resistant to hostile enchantments, unstealthy
A: almost no armour, amphibious, 8 rings, constrict 8, camouflage 1, gelatinous
body 1
a: no special abilities


You were on level 2 of the Dungeon.
You were not hungry.

You visited 1 branch of the dungeon, and saw 2 of its levels.

You collected 65 gold pieces.

Inventory:

Hand weapons
 a - a +1 long sword (weapon)
Armour
 b - a +1 shield (worn)
Potions
 c - a potion of might
 e - a potion of agility {unknown}
 h - 2 potions of flight {unknown}
 j - 2 potions of resistance {unknown}
 k - a potion of degeneration {unknown}
Comestibles
 d - 3 bread rations
 f - 2 meat rations
 g - 2 beef jerkies
 i - 2 chunks of flesh


   Skills:
 + Level 5.0 Fighting
 + Level 4.2 Long Blades
 - Level 3.0 Dodging
 - Level 3.0 Shields


You had 4 spell levels left.
You didn't know any spells.

Dungeon Overview and Level Annotations

Branches:
Dungeon (2/15)

Altars:


Innate Abilities, Weirdness & Mutations

You cannot wear most types of armour.
You are amphibious.
You can wear up to eight rings at the same time.
You can use your tentacles to constrict eight enemies at once.
Your skin changes colour to match your surroundings (Stealth).
Your rubbery body absorbs attacks (AC +1).


Message History

You squeeze the gnoll, but do no damage.
The gnoll is severely wounded.
You block the gnoll's attack.
You hit the gnoll. You grab the gnoll.
You squeeze the gnoll, but do no damage.
The gnoll is severely wounded.
You constrict the gnoll. The gnoll hits you but does no damage.
You release your grip on the gnoll.
You block the gnoll's attack.
Your shield prevents you from hitting the gnoll.
Your grab misses the gnoll.
The gnoll is severely wounded.
The gnoll hits you with a flail!
* * * LOW HITPOINT WARNING * * *
Drink which item? (? for menu, Esc to quit)
Okay, then.
Read which item? (? for menu, Esc to quit)
As you read the scroll labeled SUOCSU EHIQEUT, it crumbles to dust.
The scroll dissolves into smoke.
It was a scroll of fog.
The gnoll hits you with a flail.
You die...

#####.+.....#.
#.....#.....#.
#.....#.......
#..........<..
######............>
#.g..S.............
##S###...##...####.
#g# #...##...####.
#@# #............#
#§# #.....)...##.#
#§# #.............
#.# #.............
#.# #.............
#.# #...###.......
#.# #...###.......
#.# #.............
#.###.............


You could see a gnoll and an adder.

Vanquished Creatures
  Sigmund (D:2)
  A gnoll (D:2)
  An ooze (D:1)
  3 giant geckos (D:1)
  A ball python (D:2)
  A bat (D:2)
  8 goblins
  3 hobgoblins
  A quokka (D:2)
  3 giant newts
  A kobold (D:1)
  3 rats
27 creatures vanquished.

Notes
Turn   | Place    | Note
--------------------------------------------------------------
     0 | D:1      | luca467 the Octopode Fighter began the quest for the Orb.
     0 | D:1      | Reached XP level 1. HP: 16/16 MP: 1/1
    92 | D:1      | Reached XP level 2. HP: 15/21 MP: 2/2
  1198 | D:2      | Reached XP level 3. HP: 22/27 MP: 3/3
  1365 | D:2      | Noticed Sigmund
  1375 | D:2      | Killed Sigmund
  1375 | D:2      | Reached skill level 4 in Fighting
  1375 | D:2      | Reached XP level 4. HP: 24/34 MP: 4/4
  1375 | D:2      | Reached XP level 5. HP: 26/38 MP: 5/5
  1643 | D:2      | Reached skill level 5 in Fighting
  1658 | D:2      | Slain by a gnoll

Vault maps used:
D:1:      minmay_arrival_checkered_box
D:2:      uniq_sigmund

Action                   |  1- 3 |  4- 6 || total
-------------------------+-------+-------++-------
Melee: Long sword        |    41 |    12 ||    53
  Use: Scroll            |     7 |     1 ||     8
 Stab: Sleeping          |     3 |     1 ||     4
       Distracted        |     1 |       ||     1
  Eat: Chunk             |     1 |     1 ||     2
